 Dungeon Crawl Stone Soup version 0.22-a0-799-g88f5e90 (webtiles) character file.

745029 inmateoo the Slayer (level 27, -4/253 HPs)
             Began as a Barachi Fighter on July 21, 2018.
             Was the Champion of Cheibriados.
             Slain by an Orb Guardian (23 damage)
             ... on level 5 of the Realm of Zot.
             The game lasted 02:11:49 (61098 turns).

inmateoo the Slayer (Barachi Fighter)              Turns: 61098, Time: 02:11:49

Health: -4/253     AC: 46    Str: 33    XL:     27
Magic:  15/45      EV: 22    Int: 31    God:    Cheibriados [******]
Gold:   1374       SH: 24    Dex: 32    Spells: 18/62 levels left

rFire    + + .     SeeInvis +   p - +8 demon trident of Hell's Wrath {vamp, rPois rN+++ Int-4 Stlth-}
rCold    + + .     Gourm    .   T - +5 shield "Veapushremu" {Regen+}
rNeg     + + +     Faith    .   g - +10 gold dragon scales
rPois    +         Spirit   .   F - +2 helmet {SInv}
rElec    +         Reflect  .   L - scarf {rC+ rF+}
rCorr    .         Harm     .   B - +0 pair of gloves of Awodgh {Str-5 Int+7 Dex+4}
MR       +++..     Rnd*Rage +   W - +0 pair of boots of Inaction {+Fly rElec rN+} (curse)
Stlth    ..........             k - amulet of Vitality {Regen+ HP+15}
HPRegen  2.32/turn              o - +6 ring of protection
MPRegen  0.29/turn              z - ring of protection from magic

@: about to teleport, very slightly contaminated, regenerating (expiring), very
slow
A: +LOS, swims, claws 1, hooves 1, berserk 1, clumsy 1, screaming 2, slowness 1,
strong legs 2
}: 4/15 runes: barnacled, silver, abyssal, gossamer
a: Hop, Bend Time, Temporal Distortion, Slouch, Step From Time, Renounce
Religion, Evoke Flight


You were on level 5 of the Realm of Zot.
You worshipped Cheibriados.
Cheibriados was exalted by your worship.
You were full.

You visited 10 branches of the dungeon, and saw 50 of its levels.
You visited the Abyss 1 time.
You visited 1 bazaar.
You visited 1 ziggurat, and saw 15 of its levels.
You also visited: Labyrinth, Trove and Ice Cave.

You collected 8434 gold pieces.
You spent 7060 gold pieces at shops.

Inventory:

Hand Weapons
 a - the +7 trident "Apuamm" {venom, rC+ rN++ Str-2 Int+8}
   (You found it on level 1 of the Vaults)

   It poisons the flesh of those it strikes.
   It affects your strength (-2).
   It affects your intelligence (+8).
   It protects you from cold.
   It greatly protects you from negative energy.
 p - the +8 demon trident of Hell's Wrath (weapon) {vamp, rPois rN+++ Int-4 Stlth-}
   (You found it in a treasure trove)

   It inflicts no extra harm, but heals its wielder when it wounds a living foe.
   It affects your intelligence (-4).
   It protects you from poison.
   It renders you almost immune to negative energy.
   It makes you less stealthy.
 J - the +8 trident of the Octopus King {venom, rElec rPois MR+}
   (You found it in a treasure trove)

   It poisons the flesh of those it strikes.
   It insulates you from electricity.
   It protects you from poison.
   It affects your resistance to hostile enchantments.
 O - a +9 vampiric demon trident
Armour
 g - +10 gold dragon scales (worn)
 v - the +0 pair of boots "Ytsewn" {rF+ Int+2 Dex+2}
   (You found it on level 2 of the Shoals)

   It affects your intelligence (+2).
   It affects your dexterity (+2).
   It protects you from fire.
 B - the +0 pair of gloves of Awodgh (worn) {Str-5 Int+7 Dex+4}
   (You acquired it on level 4 of the Vaults)

   It affects your strength (-5).
   It affects your intelligence (+7).
   It affects your dexterity (+4).
 F - a +2 helmet of see invisible (worn)
 G - the +1 plate armour "Coyrghoc" {rElec MR+ Regen+}
   (You bought it in a shop on level 3 of the Elven Halls)

   It insulates you from electricity.
   It affects your resistance to hostile enchantments.
   It increases your rate of regeneration.
 L - a scarf of resistance (worn)
 T - the +5 shield "Veapushremu" (worn) {Regen+}
   (You took it off a vampire knight on level 3 of the Depths)

   It increases your rate of regeneration.
 W - the cursed +0 pair of boots of Inaction (worn) {+Fly rElec rN+}
   (You found it on level 4 of a ziggurat)

   It insulates you from electricity.
   It protects you from negative energy.
   It lets you fly.
   It has a curse placed upon it.
Magical Staves
 c - an uncursed staff of earth
Jewellery
 b - an uncursed ring of protection from fire
 k - the amulet of Vitality (around neck) {Regen+ HP+15}
   (You found it on level 1 of the Lair of Beasts)

   [amulet of regeneration]

   It affects your health (+15).
   It increases your rate of regeneration.
 o - a +6 ring of protection (left hand)
 s - an uncursed ring of wizardry
 z - a ring of protection from magic (right hand)
 R - an uncursed ring of protection from cold
Wands
 h - a wand of scattershot (10)
 m - a wand of polymorph (87)
 w - a wand of disintegration (12)
 y - a wand of paralysis (52)
 E - a wand of clouds (20)
 H - a wand of digging (10)
 K - a wand of iceblast (42)
 V - a wand of enslavement (20)
 Z - a wand of acid (36)
Scrolls
 d - 7 scrolls of identify
 e - 8 scrolls of magic mapping
 q - 17 scrolls of amnesia
 u - 6 scrolls of fear
 A - 9 scrolls of teleportation
 C - 38 scrolls of remove curse
 N - 2 scrolls of silence
 Q - 10 scrolls of blinking
 U - 7 scrolls of fog
Potions
 i - 5 potions of resistance
 j - 5 potions of magic
 l - 11 potions of brilliance
 n - 6 potions of agility
 r - 5 potions of invisibility
 t - 10 potions of ambrosia
 D - 5 potions of cancellation
 I - 8 potions of flight
 M - 11 potions of curing
 P - 4 potions of mutation
 S - 10 potions of might
 Y - 9 potions of heal wounds
Miscellaneous
 X - a lamp of fire
Comestibles
 f - 57 rations


   Skills:
 + Level 24.1 Fighting
 - Level 24.0 Polearms
 - Level 20.0 Armour
 - Level 15.0 Dodging
 - Level 20.2 Shields
 - Level 18.0 Spellcasting
 - Level 5.0 Charms
 - Level 10.0 Necromancy
 - Level 10.0 Transmutations
 - Level 18.0 Earth Magic
 - Level 10.0 Invocations
 - Level 7.3 Evocations


You had 18 spell levels left.
You knew the following spells:

 Your Spells              Type           Power        Failure   Level  Hunger
a - Regeneration          Chrm/Necr      ######....   1%          3    None
b - Borgnjor's Vile Clut  Necr/Erth      #######...   1%          5    None
c - Passwall              Tmut/Erth      #######.     1%          2    None
d - Blink                 Tloc           N/A          17%         2    None
e - Lee's Rapid Deconstr  Erth           #######...   1%          5    None
f - Statue Form           Tmut/Erth      #######..    5%          6    None
g - Passage of Golubria   Tloc           N/A          75%         4    None
h - Dispel Undead         Necr           ######..     5%          5    None
i - Shroud of Golubria    Chrm/Tloc      #####.....   6%          2    None
j - Shatter               Erth           #######...   100%        9    #######
k - Apportation           Tloc           ####..       12%         1    None

Your spell library contained the following spells:

 Spells                   Type           Power        Failure   Level  Hunger
 Cause Fear               Hex            ####......   75%         4    None
 Magic Dart               Conj           ####         12%         1    None
 Fireball                 Conj/Fire      ####......   97%         5    None
 Conjure Flame            Conj/Fire      ####....     34%         3    None
 Bolt of Fire             Conj/Fire      ####......   100%        6    None
 Bolt of Cold             Conj/Ice       ####......   100%        6    None
 Lightning Bolt           Conj/Air       ####......   97%         5    None
 Bolt of Magma            Conj/Fire/Erth ######....   26%         5    None
 Slow                     Hex            ####....     17%         2    None
 Invisibility             Hex            ####....     100%        6    None
 Throw Flame              Conj/Fire      ####..       17%         2    None
 Throw Frost              Conj/Ice       ####..       17%         2    None
 Freezing Cloud           Conj/Ice/Air   ####......   100%        6    None
 Mephitic Cloud           Conj/Pois/Air  ####....     34%         3    None
 Ring of Flames           Chrm/Fire      #####.....   100%        7    ####...
 Venom Bolt               Conj/Pois      ####......   97%         5    None
 Teleport Other           Tloc           ####....     34%         3    None
 Summon Small Mammal      Summ           ####         12%         1    None
 Bolt of Draining         Conj/Necr      ######....   38%         5    None
 Animate Dead             Necr           N/A          1%          4    None
 Pain                     Necr           ####         1%          1    None
 Animate Skeleton         Necr           N/A          1%          1    None
 Vampiric Draining        Necr           ######....   1%          3    None
 Freeze                   Ice            ####         12%         1    None
 Ozocubu's Refrigeration  Ice            ####......   100%        6    None
 Sticky Flame             Conj/Fire      ####....     75%         4    None
 Summon Ice Beast         Ice/Summ       ####....     75%         4    None
 Ozocubu's Armour         Chrm/Ice       #####...     12%         3    None
 Call Imp                 Summ           ####....     17%         2    None
 Sublimation of Blood     Necr           ######....   1%          2    None
 Tukima's Dance           Hex            ####....     34%         3    None
 Summon Demon             Summ           ####......   97%         5    None
 Corpse Rot               Necr           N/A          1%          2    None
 Iron Shot                Conj/Erth      ######....   41%         6    None
 Stone Arrow              Conj/Erth      ######       1%          3    None
 Swiftness                Chrm/Air       #####...     6%          2    None
 Recall                   Summ/Tloc      N/A          34%         3    None
 Agony                    Necr           ######..     5%          5    None
 Spider Form              Tmut/Pois      ######....   4%          3    None
 Blade Hands              Tmut           ######....   5%          5    None
 Ice Form                 Ice/Tmut       ######..     14%         4    None
 Dragon Form              Tmut           ######....   85%         7    ####...
 Death Channel            Necr           ######....   28%         6    None
 Throw Icicle             Conj/Ice       ####....     75%         4    None
 Shadow Creatures         Summ           N/A          100%        6    None
 Confusing Touch          Hex            ####..       12%         1    None
 Flame Tongue             Conj/Fire      ####.        12%         1    None
 Ignite Poison            Fire/Tmut/Pois #####...     9%          3    None
 Sticks to Snakes         Tmut           ######..     1%          2    None
 Call Canine Familiar     Summ           ####....     34%         3    None
 Ensorcelled Hibernation  Hex/Ice        ####..       17%         2    None
 Metabolic Englaciation   Hex/Ice        ####......   97%         5    None
 Summon Butterflies       Summ           ####....     12%         1    None
 Silence                  Hex/Air        ####......   97%         5    None
 Static Discharge         Conj/Air       ####....     34%         3    None
 Corona                   Hex            ####...      12%         1    None
 Alistair's Intoxication  Tmut/Pois      ######..     38%         5    None
 Sandblast                Erth           ######       0%          1    None
 Simulacrum               Ice/Necr       ######....   92%         6    None
 Excruciating Wounds      Chrm/Necr      ######....   14%         5    None
 Portal Projectile        Hex/Tloc       ####..       34%         3    None
 Petrify                  Tmut/Erth      #######.     1%          4    None
 Orb of Destruction       Conj           ####......   100%        7    ####...
 Malign Gateway           Summ/Tloc      ####......   100%        7    ####...
 Tornado                  Air            ####......   100%        9    #######
 Leda's Liquefaction      Hex/Erth       ######....   2%          4    None
 Summon Hydra             Summ           ####......   100%        7    ####...
 Darkness                 Hex            ####......   100%        6    None
 Inner Flame              Hex/Fire       ####....     34%         3    None
 Aura of Abjuration       Summ           ####......   97%         5    None
 Beastly Appendage        Tmut           ######       1%          1    None
 Iskenderun's Battlesphe  Conj/Chrm      #####...     75%         5    None
 Fulminant Prism          Conj/Hex       ####......   75%         4    None
 Force Lance              Conj/Tloc      ####....     75%         4    None
 Summon Forest            Summ/Tloc      ####......   97%         5    None
 Summon Lightning Spire   Summ/Air       ####....     75%         4    None
 Summon Guardian Golem    Hex/Summ       ####....     34%         3    None
 Dragon's Call            Summ           ####......   100%        9    #######
 Spellforged Servitor     Conj/Summ      ####......   100%        7    ####...
 Summon Mana Viper        Hex/Summ       ####....     97%         5    None
 Irradiate                Conj/Tmut      ######....   38%         5    None
 Gell's Gravitas          Tloc           ####......   34%         3    None
 Yara's Violent Unravell  Hex/Tmut       ######....   38%         5    None
 Lesser Beckoning         Tloc           ####......   34%         3    None
 Poisonous Vapours        Pois/Air       ####..       17%         2    None
 Ignition                 Fire           ####......   100%        8    #####..


Dungeon Overview and Level Annotations

Branches:
Dungeon (15/15)            Temple (1/1) D:7            Lair (6/6) D:8
 Shoals (4/4) Lair:4       Spider (4/4) Lair:2        Slime (0/5) Lair:5
    Orc (2/2) D:10            Elf (3/3) Orc:2        Vaults (5/5) D:14
  Crypt (0/3) Vaults:2     Depths (5/5) D:15            Zot (5/5) Depths:5

Altars:
Ashenzari
Cheibriados
Dithmenos
Elyvilon
Gozag
Hepliaklqana
Kikubaaqudgha
Makhleb
Nemelex Xobeh
Okawaru
Qazlal
Sif Muna
Trog
Uskayaw
Vehumet
Wu Jian
Xom
Yredelemnul
Zin
The Shining One

Shops:
D:7 ?   D:15 %   Orc:2 }([}[   Elf:3 [*:(   Vaults:1 :   Vaults:2 (?
Vaults:4 (   Depths:2 !   Depths:4 *

Portals:
Hell: Depths:1 Depths:2 Depths:3 Depths:4 Depths:5
Abyss: Depths:3 Depths:4
Pandemonium: Depths:3

Annotations:
D:10 exclusion: obsidian statue
Elf:2 1 runed door


Innate Abilities, Weirdness & Mutations

Shadows flee at your approach. (+LOS)
You can swim through water.
You cover ground slowly.
You can hop long distances.
You have sharp fingernails.
You have large cloven feet.
You tend to lose your temper in combat.
You are clumsy. (Dex -2)
You sometimes yell uncontrollably at your foes.


Message History

You block the Orb Guardian's attack.
The electric golem crackles and sizzles.
The electric golem blinks!
Unknown command.
Unknown command.
You found a blade trap!
Your skin is crawling a little less now.
You block the Orb Guardian's attack. The Orb Guardian hits you.
* * * LOW HITPOINT WARNING * * *
The Killer Klown blinks!
You block the Orb Guardian's attack.
The orb of fire glows red.
The bolt of fire hits you! You resist.
* * * LOW HITPOINT WARNING * * *
The Orb Guardian hits you but does no damage. x2
The Killer Klown blinks!
The golden dragon breathes fire at you. The bolt of fire misses you.
The bolt of fire misses the Orb Guardian.
The Orb Guardian hits you!!
You die...

***,,,,.........▓▓▓▓
,,,,,,,............▓▓▓
,,,,,,,..*...........▓▓
,,,,,,,.....§.........▓ *********
,,,,,,,.....§.....§...▓**,,,,,,,*
,,,,,,,.....§§§.......▓*,,,,,,,,,
,,,,,,,.....§§D..p....▓..,,,,,,,,
*,,,,,,.......§*XX..$....,,,,,,,,
,,,,,,,.......DX@X....▓.,,,,,,,,,
,,,,,,,......8........▓*,,,,,,,,,
,,,,,,,.....§.........▓**,,,,,,,*
,,,,,,,....D..........# *********
,,,..,,.....^.!...$..##
,,....,............▓##
*,.............(▓▓▓▓
**.....##▓▓▓▓▓▓▓▓▓▓▓#
*,.............8....###


You could see 2 orbs of fire, a Killer Klown, an electric golem, 2 golden
dragons, a quicksilver dragon and 4 Orb Guardians.

Vanquished Creatures
  2 ancient liches
  An orb of fire (Zot:3)
  7 juggernauts
  Sojobo (Depths:4)
  2 curse toes
  Saint Roka (D:15)
  6 Killer Klowns
  11 caustic shrikes
  Jory (Depths:4)
  19 golden dragons
  A Tzitzimitl (Zig:5)
  Jorgrun (Shoals:4)
  17 tentacled monstrosities
  An Ice Fiend (Zig:6)
  10 Orb Guardians (Zot:5)
  10 quicksilver dragons
  3 deep elf blademasters
  5 liches
  3 deep elf master archers
  5 titans
  5 sphinxes
  A kraken (Shoals:4)
  Polyphemus (Shoals:3)
  13 storm dragons
  7 death cobs
  Roxanne (Shoals:3)
  5 shadow dragons
  A revenant (Zig:5)
  Donald (Spider:4)
  6 tengu reavers
  Ilsuiw (Shoals:4)
  2 draconian monks
  4 nagarajas (Zig:9)
  14 fire giants
  2 draconian knights
  15 deep elf sorcerers
  3 iron dragons
  8 draconian scorchers
  17 frost giants
  Aizul (Shoals:4)
  4 orc warlords
  A balrug (Depths:2)
  13 vault wardens
  2 draconian shifters
  4 emperor scorpions
  9 ghost moths
  An angel (Abyss:4)
  7 deep elf elementalists (Elf:3)
  3 spriggan defenders
  8 draconian annihilators
  3 war gargoyles
  6 draconian stormcallers
  2 ophanim (Abyss:4)
  20 very ugly things
  24 stone giants
  18 ironheart preservers
  4 entropy weavers
  11 deep elf demonologists
  An entropy weaver (shapeshifter) (Vaults:5)
  13 green draconians
  4 vampire knights
  A black sun (Zig:5)
  A minotaur (Lair:1)
  11 purple draconians
  9 black draconians
  6 deep elf annihilators
  6 white draconians
  11 yellow draconians
  14 spark wasps
  17 red draconians
  14 ettins
  A dire elephant (D:15)
  10 deep elf death magi
  An eidolon (Zig:5)
  3 jiangshi
  10 fire dragons
  12 merfolk impalers
  10 merfolk javelineers
  19 yaktaur captains
  17 ogre magi
  7 deep elf high priests
  Erolcha (D:9)
  A naga warrior (Zig:9)
  A hydra (shapeshifter) (Vaults:5)
  29 vault guards
  12 ice dragons
  The ghost of eyesofgods1 the Thaumaturge, a journeyman DEIE of Sif Muna (Lair:6)
  16 great orbs of eyes
  3 rakshasas
  Harold (Lair:4)
  Erica (D:9)
  7 hydras
  5 spriggan air magi
  10 centaur warriors
  A catoblepas (Shoals:3)
  2 death knights
  The ghost of TheNamelessOne the Slicer, a journeyman HaFi of Uskayaw (D:9)
  2 anacondas (Zig:9)
  An anaconda (shapeshifter) (Depths:2)
  46 two-headed ogres
  A large abomination (Vaults:4)
  A satyr (shapeshifter) (Depths:2)
  11 merfolk aquamancers
  6 merfolk avatars
  An alligator (Zig:1)
  A queen ant (shapeshifter) (Depths:2)
  9 satyrs
  2 tengu warriors
  30 dancing weapons
  9 deep troll shamans
  2 vampire magi
  9 death yaks
  A shock serpent (Zig:9)
  Sonja (Lair:4)
  7 deep troll earth magi
  A spriggan (Depths:5)
  10 orc high priests
  A naga sharpshooter (Zig:9)
  7 thrashing horrors (Abyss:4)
  26 deep elf knights
  2 sun demons (Depths:2)
  A soul eater (Zig:2)
  Nergalle (D:11)
  A hell knight (Depths:5)
  A golden dragon zombie (Depths:1)
  8 iron trolls
  A fire crab (shapeshifter) (Vaults:1)
  5 skeletal warriors
  4 shadow wraiths
  A deep troll (shapeshifter) (Vaults:5)
  12 sea snakes
  35 deep trolls
  2 swamp dragons
  2 cherubim (Abyss:4)
  27 deep elf archers
  A naga ritualist (Zig:9)
  3 unseen horrors
  A glowing orange brain (Depths:1)
  A kraken simulacrum (Shoals:4)
  7 flayed ghosts
  2 shadow demons (Depths:1)
  17 ironbrand convokers
  An obsidian statue (Elf:3)
  Pikel (D:9)
  15 orc knights
  5 wizards
  17 harpies
  5 lindwurms
  6 phantasmal warriors
  A lindwurm (shapeshifter) (Depths:3)
  3 tengu skeletons
  92 deep elf magi
  22 orb spiders
  2 frost giant zombies
  4 necromancers
  40 wolf spiders
  16 cyclopes
  2 stone giant zombies
  25 ugly things
  3 oklob plants
  A harpy (shapeshifter) (Depths:5)
  24 fauns
  8 orc sorcerers
  A shining eye (shapeshifter) (Vaults:4)
  A salamander (shapeshifter) (Depths:1)
  A salamander (D:15)
  A faun (shapeshifter) (Vaults:5)
  20 moths of wrath
  5 elephants (Lair:5)
  16 manticores
  5 black mambas
  13 merfolk sirens
  Maurice (Orc:1)
  A fire giant zombie (Zig:4)
  6 water nymphs
  A stone giant skeleton (Depths:1)
  Joseph (D:8)
  A guardian serpent (Zig:9)
  10 vault sentinels
  A black mamba (shapeshifter) (Vaults:4)
  3 ice statues
  9 torpor snails
  A dire elephant zombie (Abyss:4)
  A smoke demon (Abyss:4)
  3 spiny frogs
  4 centaur skeletons
  A storm dragon simulacrum (Vaults:2)
  A gargoyle (D:15)
  5 freezing wraiths
  A komodo dragon (Lair:2)
  10 rime drakes
  2 tengu conjurers
  13 demonic crawlers
  A komodo dragon (shapeshifter) (Vaults:3)
  A spiny frog (shapeshifter) (Depths:1)
  5 kobold demonologists
  A tormentor (Zig:4)
  A yaktaur skeleton (Vaults:1)
  2 efreet
  A troll (shapeshifter) (D:13)
  49 yaktaurs
  A spriggan skeleton (Zig:4)
  31 jumping spiders
  A queen bee (shapeshifter) (Depths:4)
  9 wind drakes
  19 polar bears
  37 merfolk
  15 trolls
  A slime creature (shapeshifter) (Vaults:5)
  3 tyrant leeches (Lair:6)
  3 wind drakes (shapeshifter)
  28 hornets
  9 blink frogs
  9 dream sheep
  41 slime creatures
  11 snapping turtles
  2 centaur simulacra
  16 hippogriffs
  5 air elementals
  5 shadows
  A frost giant simulacrum (Vaults:4)
  32 tarantellas
  89 redbacks
  An ettin skeleton (Vaults:1)
  15 water elementals
  6 wraiths
  A wyvern (shapeshifter) (Depths:5)
  A yak (shapeshifter) (D:13)
  A ynoxinul (Abyss:4)
  Eustachio (D:4)
  46 yaks
  A vampire (D:14)
  11 wyverns
  A fire bat (shapeshifter) (Vaults:2)
  A hog (shapeshifter) (D:13)
  A basilisk (shapeshifter) (Vaults:4)
  5 fire elementals
  A hungry ghost (D:11)
  Grum (D:8)
  2 tarantellas (shapeshifter)
  6 basilisks
  2 steam dragons
  A vampire mosquito (D:14)
  A neqoxec (Abyss:4)
  2 insubstantial wisps (D:11)
  A soldier ant (shapeshifter) (Depths:3)
  10 wargs
  2 nagas (Zig:9)
  2 hell hounds
  5 water moccasins
  A porcupine (shapeshifter) (D:13)
  A floating eye (Depths:3)
  4 acid dragons
  A meliai simulacrum (D:13)
  3 porcupines
  3 small abominations
  3 swamp drakes
  9 sky beasts
  3 ice beasts
  3 black bears
  68 orc warriors
  3 phantoms (D:13)
  A slave (D:9)
  An ogre (shapeshifter) (Vaults:4)
  A tengu (shapeshifter) (Depths:2)
  42 ogres
  2 eyes of draining
  8 boggarts
  24 centaurs
  23 wolves
  8 crocodiles
  9 big kobolds
  2 human zombies
  A gnoll sergeant (Zig:12)
  16 bullfrogs
  3 earth elementals
  A wyvern skeleton (D:14)
  2 scorpions
  A water moccasin skeleton (D:7)
  5 killer bees
  4 wights (D:10)
  7 electric eels
  4 howler monkeys
  9 crimson imps
  7 centaur zombies
  2 bullfrog zombies
  13 hounds
  35 orc wizards
  A bullfrog skeleton (D:9)
  34 orc priests
  4 jellies
  12 human skeletons (Vaults:2)
  3 iguanas
  9 worker ants
  A lightning spire (Zig:9)
  A killer bee zombie (D:5)
  A hound zombie (D:10)
  A hound skeleton (D:8)
  A howler monkey zombie (D:8)
  A worker ant zombie (D:9)
  12 adders
  A howler monkey skeleton (D:4)
  5 shadow imps
  An adder zombie (D:5)
  2 adder skeletons (D:9)
  3 worms
  11 leopard geckos
  98 orcs
  5 giant cockroaches
  7 goblins
  3 hobgoblins
  15 jackals
  6 quokkas
  A ball python (D:2)
  6 bats
  7 frilled lizards
  A jackal zombie (D:5)
  33 kobolds
  A leopard gecko skeleton (D:4)
  6 rats
  A lurking horror (Abyss:4)
  5 plants
  5 tentacles (Shoals:4)
2591 creatures vanquished.

Vanquished Creatures (collateral kills)
  The ghost of Meatbag the Executioner, an adept MiBe of Trog (Elf:2)
  A dancing weapon (Abyss:4)
  A thrashing horror (Abyss:4)
  2 tarantellas (Spider:1)
  A small abomination (Abyss:4)
6 creatures vanquished.

Vanquished Creatures (others)
  Asterion (Spider:3)
  A very ugly thing (Vaults:5)
  A merfolk avatar (Shoals:3)
  3 deep elf knights
  A sea snake (Zig:13)
  A deep elf archer (Elf:3)
  3 deep elf magi
  An orb spider (Spider:3)
  A faun (Zig:13)
  A water elemental (Zig:7)
  2 slaves (D:9)
  A sky beast (D:11)
  A boggart (Vaults:1)
  An ogre (D:9)
  2 orc wizards
  4 orcs
  2 jackals (D:9)
  9 fungi
  30 plants
  7 tentacles (Shoals:4)
73 creatures vanquished.

Grand Total: 2670 creatures vanquished

Notes
Turn   | Place    | Note
-------+----------+-------------------------------------------
     0 | D:1      | inmateoo the Barachi Fighter began the quest for the Orb.
     0 | D:1      | Reached XP level 1. HP: 18/18 MP: 1/1
    41 | D:1      | Reached XP level 2. HP: 24/25 MP: 2/2
   478 | D:2      | Reached XP level 3. HP: 30/30 MP: 3/3
  1188 | D:3      | Noticed a hand axe
  1189 | D:3      | Found a hide-covered altar of Uskayaw.
  1189 | D:3      | Noticed a dagger
  1281 | D:2      | Reached XP level 4. HP: 13/37 MP: 4/4
  1634 | D:3      | Reached skill level 1 in Dodging
  1634 | D:3      | Reached XP level 5. HP: 39/43 MP: 5/5
  1666 | D:3      | Found a transporter.
  1669 | D:3      | Found a transporter.
  1670 | D:3      | Noticed a yak
  1702 | D:3      | Found a shadowy altar of Dithmenos.
  2237 | D:4      | Reached XP level 6. HP: 26/49 MP: 6/6
  2353 | D:4      | Noticed Eustachio
  3174 | D:5      | Entered Level 5 of the Dungeon
  3392 | D:5      | Noticed an ice beast
  3394 | D:5      | Noticed a sky beast
  3427 | D:5      | Killed a sky beast
  3427 | D:5      | Reached skill level 5 in Fighting
  3445 | D:5      | Killed an ice beast
  3445 | D:5      | Reached skill level 5 in Armour
  3445 | D:5      | Reached XP level 7. HP: 9/56 MP: 7/7
  4281 | D:5      | Reached skill level 5 in Polearms
  4777 | D:4      | Reached skill level 5 in Shields
  5005 | D:4      | Found Sukk's Antique Weapon Emporium.
  5015 | D:4      | Killed Eustachio
  5015 | D:4      | Reached XP level 8. HP: 64/64 MP: 8/8
  5208 | D:3      | Killed a yak
  5755 | D:6      | Found a stormy altar of Qazlal.
  5758 | D:6      | Found a white marble altar of Elyvilon.
  5761 | D:6      | Found a shattered altar of Ashenzari.
  6245 | D:7      | Found Apsup's Magic Scroll Emporium.
  6296 | D:7      | Bought a scroll of brand weapon for 240 gold pieces
  6313 | D:7      | Found a bloodstained altar of Trog.
  6403 | D:7      | Reached XP level 9. HP: 20/71 MP: 9/9
  6571 | D:7      | Found a staircase to the Ecumenical Temple.
  6595 | Temple   | Entered the Ecumenical Temple
  6631 | Temple   | Became a worshipper of Cheibriados the Contemplative
  7521 | D:8      | Reached skill level 5 in Dodging
  7547 | D:8      | Reached * piety under Cheibriados
  7577 | D:8      | Noticed a two-headed ogre
  7581 | D:8      | Killed a two-headed ogre
  7581 | D:8      | Reached XP level 10. HP: 17/80 MP: 10/10
  7775 | D:8      | Got a bloodstained mace {crush}
  7781 | D:8      | Identified the cursed +3 mace of Destruction {crush, +Fly rF++} (You took it off an orc on level 8 of the Dungeon)
  8050 | D:8      | Found a staircase to the Lair.
  8055 | D:8      | Noticed Joseph
  8077 | D:8      | Killed Joseph
  8102 | D:8      | Noticed Grum
  8119 | Lair:1   | Entered Level 1 of the Lair of Beasts
  8122 | Lair:1   | Reached ** piety under Cheibriados
  8153 | Lair:1   | Noticed a five-headed hydra
  8157 | Lair:1   | Noticed a spiny frog
  8253 | Lair:1   | Found the amulet of Vitality {Regen+ HP+15}
  8266 | Lair:1   | Found a labyrinth entrance.
  8280 | Lab      | Entered a labyrinth
  8715 | Lab      | Noticed a minotaur
  8743 | Lab      | Identified the Compendium of the Creative Glacier
  9001 | D:8      | Killed Grum
  9024 | D:8      | Got a scintillating ivory amulet
  9400 | D:9      | Noticed a two-headed ogre
  9419 | D:9      | Killed a two-headed ogre
  9476 | D:9      | Identified the amulet "Arghyoli" {Inacc rElec Int-3 SInv} (You found it on level 8 of the Dungeon)
  9530 | D:9      | Reached *** piety under Cheibriados
  9569 | D:9      | Identified Filyekk's Handbook of the Oath
  9575 | D:9      | Learned a level 3 spell: Regeneration
  9577 | D:9      | Noticed Erolcha
  9626 | D:8      | Reached XP level 11. HP: 50/87 MP: 11/11
  9698 | D:9      | Noticed Pikel
  9713 | D:9      | Killed Pikel
  9713 | D:9      | Reached skill level 1 in Invocations
  9806 | D:9      | Found a transporter.
  9806 | D:9      | Noticed TheNamelessOne's ghost (journeyman HaFi)
  9806 | D:9      | Noticed a wolf spider
  9807 | D:9      | Found a transporter.
  9818 | D:9      | Noticed a two-headed ogre
  9833 | D:9      | Killed a two-headed ogre
  9833 | D:9      | Reached skill level 10 in Polearms
  9860 | D:9      | Noticed Erica
  9889 | D:9      | Killed Erica
  9969 | D:9      | Killed Erolcha
 10222 | D:9      | Reached **** piety under Cheibriados
 10242 | D:9      | Found a glowing silver altar of Zin.
 10285 | D:10     | Entered Level 10 of the Dungeon
 10937 | D:10     | Noticed an obsidian statue
 10964 | D:10     | Reached ***** piety under Cheibriados
 11380 | D:10     | Found a staircase to the Orcish Mines.
 11905 | D:11     | Noticed a manticore
 11912 | D:11     | Reached XP level 12. HP: 97/97 MP: 8/14
 11919 | D:11     | Reached skill level 10 in Fighting
 11964 | D:11     | Reached skill level 10 in Armour
 11997 | D:11     | Noticed Nergalle
 12005 | D:11     | Killed Nergalle
 13968 | D:9      | Killed TheNamelessOne's ghost
 14070 | Orc:1    | Entered Level 1 of the Orcish Mines
 14151 | Orc:1    | Noticed Maurice
 14184 | Orc:1    | Killed Maurice
 14483 | Orc:2    | Entered Level 2 of the Orcish Mines
 14498 | Orc:2    | Reached ****** piety under Cheibriados
 14569 | Orc:1    | Noticed a sun demon
 14577 | Orc:2    | Gained mutation: You can hop long distances. [Barachi growth]
 14577 | Orc:2    | Reached XP level 13. HP: 105/105 MP: 16/16
 15051 | Orc:2    | Reached skill level 10 in Shields
 15051 | Orc:2    | Reached skill level 5 in Invocations
 15274 | Orc:2    | Found a staircase to the Elven Halls.
 15883 | Orc:2    | Found Ipupnatt's Gadget Boutique.
 15955 | Orc:2    | Found Pycesu's Antique Armour Shop.
 15955 | Orc:2    | Found Ysiuk's Antique Weapon Boutique.
 15955 | Orc:2    | Found Amaori's Armour Boutique.
 15959 | Orc:2    | Found Nantih's Gadget Shop.
 15962 | Orc:2    | Bought a runed hat for 231 gold pieces
 15970 | Orc:2    | Bought a +0 pair of boots for 63 gold pieces
 15970 | Orc:2    | Bought a +0 pair of gloves for 63 gold pieces
 16559 | Lair:1   | Killed a minotaur
 17141 | Lair:2   | Found a hole to the Spider Nest.
 17690 | Lair:3   | Reached skill level 10 in Dodging
 17691 | Lair:3   | Found a shimmering altar of Xom.
 18183 | Lair:4   | Noticed Sonja
 18192 | Lair:4   | Killed Sonja
 18281 | Lair:4   | Noticed Harold
 18305 | Lair:4   | Killed Harold
 18305 | Lair:4   | Reached XP level 14. HP: 111/114 MP: 18/18
 18775 | Lair:4   | Found a staircase to the Shoals.
 19309 | Lair:5   | Reached skill level 1 in Charms
 19318 | Lair:5   | Reached skill level 1 in Spellcasting
 19371 | Lair:5   | Found a staircase to the Slime Pits.
 19983 | Lair:6   | Entered Level 6 of the Lair of Beasts
 20119 | Lair:6   | Found a runed door.
 20194 | Lair:6   | Found a runed door.
 20247 | Lair:6   | HP: 3/131 [tyrant leech (21)]
 20404 | Lair:6   | Found a shimmering altar of Xom.
 20404 | Lair:6   | Noticed eyesofgods1's ghost (journeyman DEIE)
 21112 | Lair:6   | Killed eyesofgods1's ghost
 21240 | D:7      | Bought a scroll of enchant weapon for 90 gold pieces
 21240 | D:7      | Bought a scroll of enchant weapon for 90 gold pieces
 21240 | D:7      | Bought a scroll of identify for 24 gold pieces
 21240 | D:7      | Bought a scroll of identify for 24 gold pieces
 21240 | D:7      | Bought a scroll of identify for 24 gold pieces
 21240 | D:7      | Bought a scroll of enchant armour for 90 gold pieces
 21240 | D:7      | Bought a scroll of teleportation for 36 gold pieces
 21240 | D:7      | Bought 3 scrolls of summoning for 342 gold pieces
 21406 | Orc:2    | Bought a shiny plate armour for 858 gold pieces
 21620 | D:13     | Reached XP level 15. HP: 122/122 MP: 20/20
 21859 | D:13     | Found an iron altar of Okawaru.
 22562 | D:14     | Found a frozen archway.
 22576 | IceCv    | Entered an ice cave
 22990 | IceCv    | Reached skill level 5 in Charms
 23079 | IceCv    | Noticed a frost giant
 23093 | IceCv    | Killed a frost giant
 23660 | D:14     | Reached skill level 5 in Spellcasting
 23667 | D:14     | Found a gate to the Vaults.
 23754 | D:14     | Found a portal to a secret trove of treasure.
 23764 | D:14     | Reached XP level 16. HP: 129/131 MP: 23/23
 24146 | D:15     | Entered Level 15 of the Dungeon
 24204 | D:15     | Reached skill level 15 in Polearms
 24227 | D:15     | Found Gets's Food Shop.
 24395 | D:15     | Found a staircase to the Depths.
 24534 | D:15     | Learned a level 2 spell: Blink
 24537 | D:15     | Learned a level 2 spell: Passwall
 24543 | D:15     | Learned a level 5 spell: Borgnjor's Vile Clutch
 24549 | D:15     | Learned a level 5 spell: Lee's Rapid Deconstruction
 25007 | Depths:1 | Entered Level 1 of the Depths
 25011 | Depths:1 | Reached skill level 1 in Necromancy
 25011 | Depths:1 | Reached skill level 1 in Earth Magic
 25025 | Depths:1 | Noticed Saint Roka
 25348 | D:15     | Killed Saint Roka
 25852 | Depths:1 | Reached XP level 17. HP: 111/138 MP: 26/26
 25995 | Depths:1 | Found a gateway to Hell.
 26359 | Depths:1 | Found a deep blue altar of Sif Muna.
 26479 | Depths:1 | Identified the Volume of the Escort
 26486 | Depths:1 | Got a wavering zirconium amulet
 26491 | Depths:1 | Identified the amulet "Wankid" {RegenMP *Slow Str+7 Int+7} (You found it on level 1 of the Depths)
 26695 | Depths:1 | Found a gateway to a ziggurat.
 26868 | Depths:1 | Reached skill level 5 in Earth Magic
 27042 | Depths:1 | Reached skill level 5 in Necromancy
 27074 | Depths:1 | Noticed a golden dragon
 27128 | Depths:1 | Killed a golden dragon
 27206 | Depths:1 | Identified the Compendium of Damaging Sinister Arts
 27257 | Depths:1 | Got a transparent lead ring
 27261 | Depths:1 | Got a clouded granite ring
 27262 | Depths:1 | Identified the ring "Uggyewk" {rPois rC+ MP-9 Stlth+} (You found it on level 1 of the Depths)
 27264 | Depths:1 | Identified the ring of Eduyfus {Str+2 Stlth-} (You found it on level 1 of the Depths)
 27268 | Depths:1 | Identified the +6 plate armour of the Furies {Str+3} (You found it on level 1 of the Depths)
 27272 | Depths:1 | Identified the +1 scale mail "Foqufac" {+Blink MR- Int+5} (You found it on level 1 of the Depths)
 27434 | Depths:2 | Noticed a caustic shrike
 27434 | Depths:2 | Noticed a caustic shrike
 27434 | Depths:2 | Noticed a caustic shrike
 27435 | Depths:2 | Noticed a caustic shrike
 27435 | Depths:2 | Noticed a caustic shrike
 27773 | Spider:1 | Entered Level 1 of the Spider Nest
 28050 | Spider:1 | Reached skill level 1 in Evocations
 28205 | Spider:1 | Reached XP level 18. HP: 140/147 MP: 30/30
 29781 | Spider:3 | Noticed Asterion
 29797 | Spider:3 | Killed Asterion
 30075 | Spider:4 | Entered Level 4 of the Spider Nest
 30980 | Spider:4 | Noticed Donald
 31339 | Spider:4 | Killed Donald
 31483 | Spider:4 | Got a gossamer rune of Zot
 31803 | Vaults:1 | Entered Level 1 of the Vaults
 31806 | Vaults:1 | Identified the +7 trident "Apuamm" {venom, rC+ rN++ Str-2 Int+8} (You found it on level 1 of the Vaults)
 31861 | Vaults:1 | Reached XP level 19. HP: 154/154 MP: 31/31
 32003 | Vaults:1 | Found Tuniho Imua's Book Emporium.
 32150 | Vaults:1 | Reached skill level 15 in Fighting
 32502 | Vaults:1 | Reached skill level 15 in Armour
 32626 | Vaults:1 | Reached skill level 5 in Evocations
 33164 | Vaults:2 | Found Edal's Magic Scroll Shop.
 33208 | Vaults:2 | Bought a scroll of identify for 40 gold pieces
 33208 | Vaults:2 | Bought a scroll of identify for 40 gold pieces
 33608 | Vaults:2 | Reached skill level 10 in Spellcasting
 33693 | Vaults:2 | Noticed a Hell Sentinel
 33697 | Vaults:2 | Reached XP level 20. HP: 163/163 MP: 34/34
 34156 | Vaults:2 | Reached XP level 21. HP: 69/170 MP: 31/35
 34448 | Vaults:2 | Found a staircase to the Crypt.
 34448 | Vaults:2 | Found an ancient bone altar of Kikubaaqudgha.
 34449 | Vaults:2 | Found a basalt altar of Yredelemnul.
 34488 | Vaults:2 | Found Ziob's Weapon Emporium.
 35254 | Vaults:3 | Reached skill level 10 in Earth Magic
 35804 | Vaults:4 | Reached skill level 10 in Necromancy
 35924 | Vaults:4 | Reached XP level 22. HP: 105/179 MP: 21/36
 36995 | Vaults:4 | Identified a scroll of acquirement
 37001 | Vaults:4 | Got a pair of dazzling gloves
 37012 | Vaults:4 | Identified the +0 pair of gloves of Awodgh {Str-5 Int+7 Dex+4} (You acquired it on level 4 of the Vaults)
 37036 | Vaults:4 | Found Eqozesk's Weapon Boutique.
 37451 | Shoals:1 | Entered Level 1 of the Shoals
 38564 | Shoals:2 | Identified the +0 pair of boots "Ytsewn" {rF+ Int+2 Dex+2} (You found it on level 2 of the Shoals)
 38998 | Vaults:1 | Bought a manual of Fighting for 2208 gold pieces
 40325 | Shoals:3 | Noticed Roxanne
 40354 | Shoals:3 | Killed Roxanne
 40360 | Shoals:3 | Noticed Polyphemus
 40544 | Shoals:3 | Killed Polyphemus
 40661 | Shoals:3 | Learned a level 6 spell: Statue Form
 41182 | Shoals:4 | Entered Level 4 of the Shoals
 41196 | Shoals:4 | Reached XP level 23. HP: 190/190 MP: 24/39
 41264 | Shoals:4 | Reached skill level 1 in Transmutations
 41300 | Shoals:4 | Noticed Ilsuiw
 41319 | Shoals:4 | Killed Ilsuiw
 41429 | Shoals:4 | Got a barnacled rune of Zot
 41469 | Shoals:4 | Noticed Aizul
 41491 | Shoals:4 | Killed Aizul
 41513 | Shoals:4 | Noticed Jorgrun
 41522 | Shoals:4 | Killed Jorgrun
 42453 | Elf:1    | Entered Level 1 of the Elven Halls
 42812 | Elf:1    | Identified the Collected Works on Calling
 43593 | Elf:2    | Found a flickering gateway to a bazaar.
 43599 | Bazaar   | Entered a bazaar
 43599 | Bazaar   | Found Qerphec's Antique Weapon Emporium.
 43667 | Bazaar   | Found Noppit's General Store.
 43671 | Bazaar   | Found Zysynnic's Distillery.
 43686 | Bazaar   | Found Cipyulep's Antique Armour Emporium.
 43697 | Bazaar   | Found Wigedoc's Gadget Shop.
 43730 | Bazaar   | Bought a runed helmet for 142 gold pieces
 43741 | Bazaar   | Bought a potion of heal wounds for 90 gold pieces
 43741 | Bazaar   | Bought a potion of heal wounds for 90 gold pieces
 43741 | Bazaar   | Bought a potion of might for 72 gold pieces
 43741 | Bazaar   | Bought a potion of might for 72 gold pieces
 43749 | Bazaar   | Bought a scroll of teleportation for 30 gold pieces
 43876 | Elf:2    | Found a runed door.
 43902 | Elf:2    | Found a runed door.
 44788 | Elf:3    | Entered Level 3 of the Elven Halls
 44788 | Elf:3    | Found a runed gate.
 44788 | Elf:3    | Found a runed gate.
 44788 | Elf:3    | Found an opulent altar of Gozag.
 44790 | Elf:3    | Found Onky's Assorted Antiques.
 44791 | Elf:3    | Found a runed gate.
 44871 | Elf:3    | Reached XP level 24. HP: 203/203 MP: 34/39
 44986 | Elf:3    | Noticed Meatbag's ghost (adept MiBe)
 45131 | Elf:3    | Found Tirghof's Antique Weapon Shop.
 45889 | Elf:3    | Reached skill level 5 in Transmutations
 45966 | Elf:3    | Gained mutation: You are partially covered in slimy green scales. (AC +2) [a neqoxec]
 45976 | Elf:3    | Cast into level 4 of the Abyss (a deep elf sorcerer)
 46036 | Abyss:4  | Found a glowing golden altar of the Shining One.
 46105 | Abyss:4  | Noticed a juggernaut
 46133 | Abyss:4  | Killed a juggernaut
 46133 | Abyss:4  | Reached skill level 15 in Shields
 46137 | Abyss:4  | Got an abyssal rune of Zot
 46157 | Abyss:4  | Gained mutation: You are weak. (Str -2) [a neqoxec]
 46249 | Elf:3    | Escaped the Abyss
 46404 | Elf:3    | Identified the Volume of Sinister Enhancements
 46436 | Elf:3    | Found the amulet of the Air {Inacc +Fly rElec EV+5 RMsl}
 46524 | Elf:3    | Identified The Last Handbook of the Blind Seer
 46750 | Elf:3    | Found Ifota's Antique Armour Shop.
 46757 | Elf:3    | Bought a bloodstained plate armour for 840 gold pieces
 46758 | Elf:3    | Identified the +1 plate armour "Coyrghoc" {rElec MR+ Regen+} (You bought it in a shop on level 3 of the Elven Halls)
 46772 | Elf:3    | Found Utozeemiwo's Book Shoppe.
 46796 | Elf:3    | Learned a level 4 spell: Passage of Golubria
 46802 | Elf:3    | Learned a level 5 spell: Dispel Undead
 46805 | Elf:3    | Learned a level 2 spell: Shroud of Golubria
 46805 | Elf:3    | Lost mutation: You are weak. (Str -2) [potion of mutation]
 46805 | Elf:3    | Lost mutation: You are partially covered in slimy green scales. (AC +2) [potion of mutation]
 46805 | Elf:3    | Gained mutation: You tend to lose your temper in combat. [potion of mutation]
 46805 | Elf:3    | Gained mutation: You are weak. (Str -2) [potion of mutation]
 46805 | Elf:3    | Gained mutation: You have a pair of small horns on your head. [potion of mutation]
 46805 | Elf:3    | Gained mutation: You are partially covered in iridescent scales. (AC +2) [potion of mutation]
 46806 | Elf:3    | Lost mutation: You have a pair of small horns on your head. [potion of mutation]
 46806 | Elf:3    | Lost mutation: You are weak. (Str -2) [potion of mutation]
 46806 | Elf:3    | Lost mutation: You are partially covered in iridescent scales. (AC +2) [potion of mutation]
 46806 | Elf:3    | Lost mutation: You tend to lose your temper in combat. [potion of mutation]
 46806 | Elf:3    | Gained mutation: Armour fits poorly on your strangely shaped body. [potion of mutation]
 46806 | Elf:3    | Gained mutation: You are resistant to hostile enchantments. (MR+) [potion of mutation]
 46893 | Elf:2    | Killed Meatbag's ghost
 47779 | Vaults:5 | Entered Level 5 of the Vaults
 48038 | Vaults:5 | Reached XP level 25. HP: 187/215 MP: 27/40
 48723 | Vaults:5 | Noticed an ancient lich
 48732 | Vaults:5 | Killed an ancient lich
 49315 | Vaults:5 | Identified Juiteny's Collected Works on the Entourage and Cold
 49356 | Vaults:5 | Identified Dispater's Papyrus of the Rocks
 49540 | Vaults:5 | Reached XP level 26. HP: 225/225 MP: 40/40
 49557 | Vaults:5 | Got a silver rune of Zot
 49980 | D:14     | You paid a toll of +3 fire dragon scales to enter a treasure trove
 49981 | Trove    | Entered a treasure trove
 49984 | Trove    | Found the +8 trident of the Octopus King {venom, rElec rPois MR+}
 49987 | Trove    | Identified the +8 demon trident of Hell's Wrath {vamp, rPois rN+++ Int-4 Stlth-} (You found it in a treasure trove)
 50162 | Zig:1    | Entered Level 1 of a ziggurat
 50189 | Zig:2    | Entered Level 2 of a ziggurat
 50238 | Zig:3    | Entered Level 3 of a ziggurat
 50284 | Zig:4    | Entered Level 4 of a ziggurat
 50329 | Zig:4    | Identified the cursed +0 pair of boots of Inaction {+Fly rElec rN+} (You found it on level 4 of a ziggurat)
 50386 | Zig:5    | Entered Level 5 of a ziggurat
 50437 | Zig:5    | Identified the Reference Book on Spatial Aid
 50450 | Zig:5    | Reached XP level 27. HP: 170/232 MP: 41/41
 50535 | Zig:6    | Entered Level 6 of a ziggurat
 50709 | Zig:7    | Entered Level 7 of a ziggurat
 50764 | Zig:7    | Identified the +0 buckler "Wogocom" {rPois Str+2} (You acquired it on level 7 of a ziggurat)
 50810 | Zig:8    | Entered Level 8 of a ziggurat
 50816 | Zig:8    | Noticed a juggernaut
 50856 | Zig:8    | Killed a juggernaut
 50895 | Zig:8    | Identified Zaosicir's Guide on Toxins and Transformation
 50913 | Zig:8    | Learned a level 9 spell: Shatter
 50920 | Zig:9    | Entered Level 9 of a ziggurat
 51081 | Zig:9    | Identified the Papyrus of Burning Combat Magic
 51085 | Zig:9    | Learned a level 1 spell: Apportation
 51102 | Zig:10   | Entered Level 10 of a ziggurat
 51156 | Zig:10   | Found the +8 longbow "Zephyr" {speed, Dex+3 SInv}
 51200 | Zig:11   | Entered Level 11 of a ziggurat
 51210 | Zig:11   | Noticed a juggernaut
 51231 | Zig:11   | Killed a juggernaut
 51294 | Zig:11   | Found the +6 Majin-Bo {vamp, Archmagi MP+6 Int+6}
 51328 | Zig:12   | Entered Level 12 of a ziggurat
 51353 | Zig:12   | Noticed a juggernaut
 51388 | Zig:12   | Killed a juggernaut
 51436 | Zig:12   | Got a brightly glowing ruby amulet
 51437 | Zig:12   | Identified the amulet "Dubat" {Faith Dex+6} (You found it on level 12 of a ziggurat)
 51492 | Zig:13   | Entered Level 13 of a ziggurat
 51636 | Zig:13   | Got a bound golden amulet
 51637 | Zig:13   | Identified the amulet of the Lotus Blossom {Spirit MR+ MP-9 Dex+2 Stlth+} (You found it on level 13 of a ziggurat)
 51654 | Zig:14   | Entered Level 14 of a ziggurat
 51874 | Zig:14   | Identified the Grimoire of the Oath and Poison
 51878 | Zig:14   | Got a wavering tin amulet
 51885 | Zig:14   | Identified the amulet of Zin's Approval {Spirit -Tele MP+9 SInv} (You found it on level 14 of a ziggurat)
 51891 | Zig:14   | Got a sparkling granite ring
 51892 | Zig:14   | Identified the ring "Illoavej" {+Inv rF- rN+ Dex+4 Stlth+} (You found it on level 14 of a ziggurat)
 51926 | Zig:15   | Entered Level 15 of a ziggurat
 52264 | Depths:1 | Reached skill level 15 in Dodging
 52359 | Depths:2 | Found Roats's Distillery.
 52408 | Depths:2 | Bought a potion of flight for 63 gold pieces
 52408 | Depths:2 | Bought a potion of heal wounds for 105 gold pieces
 52408 | Depths:2 | Bought a potion of heal wounds for 105 gold pieces
 52408 | Depths:2 | Bought a potion of heal wounds for 105 gold pieces
 52408 | Depths:2 | Bought a potion of brilliance for 84 gold pieces
 52408 | Depths:2 | Bought a potion of might for 84 gold pieces
 52408 | Depths:2 | Bought 2 potions of magic for 336 gold pieces
 52408 | Depths:2 | Bought 2 potions of curing for 126 gold pieces
 52543 | Depths:2 | Reached skill level 10 in Transmutations
 52935 | Depths:2 | Found a runed door.
 52935 | Depths:2 | Found a runed door.
 53049 | Depths:2 | Noticed a juggernaut
 53069 | Depths:2 | Killed a juggernaut
 53100 | Depths:2 | Got a translucent tin amulet
 53105 | Depths:2 | Identified the amulet of Agajihocyc {+Rage +Inv +Fly} (You took it off a frost giant on level 2 of the Depths)
 53112 | Depths:2 | Got a translucent crystal amulet
 53113 | Depths:2 | Identified the amulet of Divine Intervention {+Rage rPois rN+ Dex+3} (You took it off a frost giant on level 2 of the Depths)
 53127 | Depths:2 | Got a scintillating graven amulet
 53129 | Depths:2 | Noticed a juggernaut
 53142 | Depths:2 | Killed a juggernaut
 53162 | Depths:2 | Identified the amulet "Weix" {Harm -Tele *Drain *Slow rElec Stlth+} (You took it off a spriggan air mage on level 2 of the Depths)
 53165 | Depths:2 | Got a clouded lapis lazuli ring
 53166 | Depths:2 | Identified the ring "Tustemes" {Dex+5 Stlth+} (You found it on level 2 of the Depths)
 53297 | Depths:2 | Reached skill level 15 in Spellcasting
 53374 | Depths:3 | Upgraded the game from 0.22-a0-782-g038298e to 0.22-a0-799-g88f5e90
 53409 | Depths:3 | Found a one-way gate leading to the halls of Pandemonium.
 53487 | Depths:3 | Found a one-way gate to the infinite horrors of the Abyss.
 54020 | Depths:3 | Paralysed by a floating eye for 2 turns
 54032 | Depths:3 | Noticed a juggernaut
 54062 | Depths:3 | Killed a juggernaut
 54489 | Depths:3 | Reached skill level 10 in Invocations
 54823 | Depths:4 | Found Buor's General Store.
 54859 | Depths:4 | Noticed Sojobo
 54873 | Depths:4 | Killed Sojobo
 54874 | Depths:4 | Noticed Jory
 54896 | Depths:4 | Killed Jory
 54910 | Depths:4 | Bought a scroll of identify for 44 gold pieces
 54910 | Depths:4 | Bought a scroll of identify for 44 gold pieces
 54910 | Depths:4 | Bought a scroll of blinking for 165 gold pieces
 55171 | Depths:4 | Gained mutation: You are clumsy. (Dex -2) [a cacodemon]
 55176 | Depths:4 | Lost mutation: Armour fits poorly on your strangely shaped body. [potion of mutation]
 55176 | Depths:4 | Lost mutation: You are clumsy. (Dex -2) [potion of mutation]
 55176 | Depths:4 | Lost mutation: You are resistant to hostile enchantments. (MR+) [potion of mutation]
 55176 | Depths:4 | Gained mutation: You have sharp fingernails. [potion of mutation]
 55176 | Depths:4 | Gained mutation: You tend to lose your temper in combat. [potion of mutation]
 55176 | Depths:4 | Gained mutation: You have large cloven feet. [potion of mutation]
 55249 | Depths:4 | Got a flickering tin amulet
 55597 | Depths:5 | Entered Level 5 of the Depths
 55665 | Depths:5 | Reached skill level 15 in Earth Magic
 55704 | Depths:5 | Identified the amulet of Bamichez {Harm *Drain +Blink} (You took it off a spriggan defender on level 4 of the Depths)
 55915 | Depths:5 | Found a gate to the Realm of Zot.
 56204 | Zot:1    | Entered Level 1 of the Realm of Zot
 57348 | Zot:2    | Identified the +7 plate armour of the Endless Expanse {rElec rF- MR+ Int+2} (You found it on level 2 of the Realm of Zot)
 58013 | Zot:2    | Got a heavily runed granite ring
 58014 | Zot:2    | Identified the ring "Tossob" {EV+4 Int+2} (You found it on level 2 of the Realm of Zot)
 58450 | Zot:3    | Noticed an orb of fire
 58479 | Zot:3    | Gained mutation: You are clumsy. (Dex -2) [an orb of fire]
 58481 | Zot:3    | Killed an orb of fire
 60030 | Depths:3 | Identified the +5 shield "Veapushremu" {Regen+} (You took it off a vampire knight on level 3 of the Depths)
 60369 | Zot:5    | Entered Level 5 of the Realm of Zot
 61040 | Zot:5    | Noticed an ancient lich
 61064 | Zot:5    | Noticed an orb of fire
 61070 | Zot:5    | Gained mutation: You occasionally shout uncontrollably at your foes. [an orb of fire]
 61077 | Zot:5    | Noticed an orb of fire
 61085 | Zot:5    | Killed an ancient lich
 61085 | Zot:5    | Gained mutation: You sometimes yell uncontrollably at your foes. [an orb of fire]
 61098 | Zot:5    | Slain by an Orb Guardian

Vault maps used:
D:1:      dpeg_arrival_prison, minmay_pentomino_s2
D:3:      dancing_weapons_uskayaw, gammafunk_temple_overflow_arena
D:4:      serial_shops, shop_fountains, first_ration, uniq_eustachio
D:6:      grunt_temple_overflow_diamond
D:7:      minmay_temple_entry_glassed_door,
          lightli_ossuary_entry_decrepit_ruins, serial_shops,
          kennysheep_mini_moat, basic_altar
D:8:      grunt_lair_entry_orc_guard_hut, blue_anna_alchemist, uniq_grum,
          uniq_joseph
D:9:      zin_treasury, gammafunk_ghost_arena, minmay_tree_intersection,
          uniq_erica, uniq_pikel, uniq_erolcha
D:10:     minmay_separated_statues, david_orc_4, kennysheep_generic_room_11
D:11:     hangedman_misty_isle, uniq_nergalle
D:13:     minmay_two_paths, basic_altar
D:14:     minmay_blocking_statues, david_vaults_1,
          nicolae_trove_entry_crossroad, minmay_misc_feat_nine_boxes,
          portal_ice_cave_rime
D:15:     hangedman_depths_entry_try_elsewhere_first, minmay_misc_feat_square,
          serial_shops, shop
Temple:   eino_temple_rhombus
Lair:1:   lab_entry_generic
Lair:2:   nicolae_spider_entry_orb_guardian, serial_bayou_shore_a
Lair:3:   basic_altar
Lair:4:   minmay_shoals_entry_hut, serial_bayou_lake_a, uniq_harold, uniq_sonja
Lair:5:   minmay_slime_entry_pillars, lemuel_old_faithful
Lair:6:   wormcave, ebering_ghost_xom, serial_bayou_shore_b,
          infiniplex_staircase_pool
Shoals:1: cheibrodos_shoals_gigantism
Shoals:2: nicolae_shoals_this_corrosion
Shoals:3: nicolae_shoals_dead_sea_scrolls, uniq_roxanne, uniq_polyphemus
Shoals:4: shoals_end_grunt_ice, shoals_ilsuiw_ice, uniq_jorgrun, uniq_aizul
Spider:1: spider_trap
Spider:3: uniq_asterion
Spider:4: grunt_spider_rune_parallel, uniq_donald
Orc:1:    uniq_maurice
Orc:2:    st_orc_mages, serial_shops, nicolae_shop_trees
Elf:1:    minmay_elf_demonology, grunt_ministairs_15, hex_medium
Elf:2:    serial_shops, freezing_bzr, hangedman_elf_power_crystal,
          minmay_misc_feat_ornament
Elf:3:    minmay_elf_hall_spiked, ebering_ghost_gozag, serial_shops, shop,
          nicolae_shop_trees, shop, shop
Vaults:1: vaults_dpeg_hooks, ontoclasm_vaults_idyll, vaults_room_guarded_vault,
          hangedman_vaults_slither, nicolae_vaults_gold_heap,
          nicolae_vaults_little_squares_6, vaults_dpeg_ring, serial_shops,
          nicolae_shop_crystal
Vaults:2: vaults_room_grid, vaults_room_boxed, v_misc_17,
          dpeg_vaults_monster_row, vaults_mumra_minichess, grunt_vaults_swirl,
          hangedman_vaults_nails, grunt_vaults_trifunnel,
          minmay_crypt_entry_necro_gods, serial_shops, nicolae_shop_statue_plus,
          nicolae_shop_crystal
Vaults:3: hangedman_vaults_maws, hangedman_vaults_restitches,
          nicolae_vaults_network_square, v_rooms_1,
          nicolae_vaults_ring_of_whatevers, nicolae_vaults_stairing_the_circle,
          hangedman_vaults_corner_blocks, nicolae_vaults_mini_display_case,
          ontoclasm_vaults_pinch, vaults_room_semicircle,
          vaults_room_semicircle, stair_cage_open, vaults_room_hallway
Vaults:4: nicolae_vaults_know_your_exits, vaults_room_door_ring, v_misc_10,
          v_misc_29, hangedman_vaults_hat, v_misc_14,
          hangedman_vaults_river_flow, v_misc_11, vaults_room_semicircle,
          hangedman_vaults_corner_blocks, vaults_dpeg_diagonal, v_misc_17,
          nicolae_vaults_little_squares_6, v_misc_13, dpeg_vaults_monster_box,
          serial_shops, nicolae_shop_stone
Depths:1: gold_lair_mu, enter_ziggurat_e, hell_entry, serial_bayou_pond_b,
          hangedman_summoners_spam, uniq_saint_roka
Depths:2: minmay_the_grid_triangle_9x9_line_8_mashed, serial_shops, shop_coins,
          minmay_misc_feat_enclosed, lightli_too_deep
Depths:3: grunt_runaround, pan_entry, abyss_entry, hell_entry
Depths:4: minmay_nine_rooms, columned_hall_lemuel, abyss_entry, serial_shops,
          shop_fountains, hell_entry, uniq_sojobo, uniq_jory
Depths:5: evilmike_zot_entry_hall, hell_entry
Zot:2:    st_small_dragon_hoard_1
Zot:5:    grunt_ministairs_6
Abyss:4:  evilmike_abyss_rune_tso_outpost
Zig:7:    ziggurat_pillar_centre_smoke
Zig:14:   ziggurat_pillar_centre_c
Lab:      labyrinth_watery, nicolae_lab_do_over, labyrinth_skeletal_remains,
          lab_hedge, nicolae_lab_big_swirl, nicolae_lab_very_dead_end,
          nicolae_lab_statue
Bazaar:   bazaar_lake
Trove:    trove_weapon_2
IceCv:    ice_cave_caverns_01

Skill      XL: |  1  2  3  4  5  6  7  8  9 10 11 12 13 14 15 16 17 18 19 20 21 22 23 24 25 26 27 |
---------------+----------------------------------------------------------------------------------+-----
Armour         | 4 5 6 7 8 9 10 11 12 13 14 15 16 17 20 | 20.0
Fighting       | 4 5 6 7 8 9 10 11 12 13 14 15 16 18 19 21 22 24 | 24.1
Polearms       | 3 4 5 6 8 9 10 12 13 14 15 16 17 18 20 21 22 24 | 24.0
Dodging        | 1 2 3 4 5 6 8 9 10 11 12 13 14 15 | 15.0
Shields        | 4 5 7 8 9 10 11 12 13 14 15 16 20 | 20.2
Invocations    | 3 4 6 7 10 | 10.0
Charms         | 3 5 |  5.0
Spellcasting   | 3 5 6 8 10 12 13 14 18 | 18.0
Necromancy     | 3 5 7 8 9 10 | 10.0
Earth Magic    | 3 6 8 9 10 11 12 18 | 18.0
Evocations     | 1 4 6 7 |  7.3
Transmutations | 4 6 7 8 10 | 10.0

Action                   |  1- 3 |  4- 6 |  7- 9 | 10-12 | 13-15 | 16-18 | 19-21 | 22-24 | 25-27 || total
-------------------------+-------+-------+-------+-------+-------+-------+-------+-------+-------++-------
Melee: Trident           |   146 |   206 |   601 |  1091 |  1386 |  1361 |       |   342 |   140 ||  5273
       Demon trident     |       |       |       |       |       |   367 |  1415 |  1816 |  3197 ||  6795
 Cast: Borgnjor's Vile C |       |       |       |       |       |     7 |     2 |    56 |   106 ||   171
       Regeneration      |       |       |       |       |       |     1 |     1 |    19 |    24 ||    45
       Lee's Rapid Decon |       |       |       |       |       |       |       |    27 |     4 ||    31
       Blink             |       |       |       |       |       |       |       |     3 |     2 ||     5
       Shatter           |       |       |       |       |       |       |       |       |     1 ||     1
Invok: Temporal Distorti |       |       |       |     1 |     1 |       |     1 |       |     3 ||     6
       Slouch            |       |       |       |     2 |    11 |    11 |     7 |     1 |     5 ||    37
 Abil: Hop               |     1 |       |       |     2 |       |     6 |       |     4 |       ||    13
Evoke: Wand              |       |       |     9 |     2 |     7 |    13 |       |     1 |     4 ||    36
       Lamp of fire      |       |       |       |       |       |     1 |       |       |     2 ||     3
  Use: Scroll            |     8 |     6 |     7 |    10 |    17 |    19 |     1 |    18 |    46 ||   132
       Potion            |       |     8 |     1 |     2 |     5 |     5 |     2 |     3 |     7 ||    33
 Stab: Invisible         |       |       |       |     2 |       |       |       |       |       ||     2
       Paralysed         |       |       |       |       |     1 |       |       |       |       ||     1
       Distracted        |       |       |       |       |     1 |     1 |       |     3 |     1 ||     6
       Petrified         |       |       |       |       |       |       |       |     3 |       ||     3
  Eat: Chunk             |     1 |     5 |     8 |     6 |    13 |     2 |     1 |       |     1 ||    37
       Ration            |       |     1 |     3 |     2 |     3 |     9 |     3 |    10 |    15 ||    46
Armor: Scale mail        |    28 |       |       |       |       |       |       |       |       ||    28
       Chain mail        |    22 |   106 |   193 |    64 |   135 |       |       |       |       ||   520
       Skin              |       |    12 |     9 |       |       |       |       |       |       ||    21
       Plate armour      |       |       |       |   268 |   144 |   686 |   277 |   499 |       ||  1874
       Gold dragon scale |       |       |       |       |       |       |       |    64 |  1169 ||  1233
Dodge: Dodged            |    36 |    52 |   120 |   469 |   495 |   902 |   617 |  1063 |  1754 ||  5508
Block: Shield            |    61 |   123 |   292 |   722 |   709 |  1203 |   822 |  1505 |  2843 ||  8280
       Reflection        |       |       |     6 |       |       |       |       |       |       ||     6

Table legend:
 A = Spawn XP
 B = Non-spawn XP
 C = Spawn XP percentage of total XP
 D = Spawn monster count
 E = Non-spawn monster count
 F = Spawn count percentage of total count
 G = Total turns spent on level
                    A         B        C        D         E        F      G
               +---------+---------+-------+---------+---------+-------+---------
         Total |    8878 | 1797954 |   0.5 |      20 |    2580 |   0.8 | 61098
               +---------+---------+-------+---------+---------+-------+---------
           D:1 |       0 |      31 |   0.0 |       0 |      21 |   0.0 |   446
           D:2 |       0 |      50 |   0.0 |       0 |      21 |   0.0 |   911
           D:3 |       0 |     479 |   0.0 |       0 |      28 |   0.0 |  1735
           D:4 |       0 |     357 |   0.0 |       0 |      16 |   0.0 |   632
           D:5 |       0 |     769 |   0.0 |       0 |      20 |   0.0 |  1798
           D:6 |       0 |     508 |   0.0 |       0 |      24 |   0.0 |   719
           D:7 |       0 |     842 |   0.0 |       0 |      22 |   0.0 |  1173
           D:8 |       0 |    3262 |   0.0 |       0 |      37 |   0.0 |  1343
           D:9 |       0 |    7592 |   0.0 |       0 |      40 |   0.0 |  1076
          D:10 |       0 |    3959 |   0.0 |       0 |      62 |   0.0 |  2080
          D:11 |       0 |    6402 |   0.0 |       0 |      38 |   0.0 |  1102
          D:12 |       0 |    4691 |   0.0 |       0 |      25 |   0.0 |  1311
          D:13 |       0 |   13025 |   0.0 |       0 |      42 |   0.0 |  1053
          D:14 |       0 |   15345 |   0.0 |       0 |      46 |   0.0 |  1307
          D:15 |       0 |   31964 |   0.0 |       0 |      67 |   0.0 |  1663
        Lair:1 |       0 |    3684 |   0.0 |       0 |       8 |   0.0 |  1277
        Lair:2 |       0 |    4864 |   0.0 |       0 |      19 |   0.0 |   773
        Lair:3 |       0 |    2207 |   0.0 |       0 |       6 |   0.0 |   652
        Lair:4 |       0 |    4959 |   0.0 |       0 |      16 |   0.0 |  1133
        Lair:5 |       0 |   13909 |   0.0 |       0 |      52 |   0.0 |   827
        Lair:6 |       0 |   15571 |   0.0 |       0 |      35 |   0.0 |  1155
      Shoals:1 |       0 |   18397 |   0.0 |       0 |      31 |   0.0 |  1153
      Shoals:2 |       0 |   13920 |   0.0 |       0 |      28 |   0.0 |  1430
      Shoals:3 |       0 |   25304 |   0.0 |       0 |      41 |   0.0 |   941
      Shoals:4 |       0 |   50689 |   0.0 |       0 |      78 |   0.0 |  1069
      Spider:1 |       0 |   22722 |   0.0 |       0 |      70 |   0.0 |   995
      Spider:2 |       0 |   11197 |   0.0 |       0 |      28 |   0.0 |   826
      Spider:3 |       0 |   12085 |   0.0 |       0 |      27 |   0.0 |   520
      Spider:4 |       0 |   38705 |   0.0 |       0 |      91 |   0.0 |  1510
         Orc:1 |       0 |    2168 |   0.0 |       0 |      16 |   0.0 |   692
         Orc:2 |       0 |    9639 |   0.0 |       0 |      50 |   0.0 |  1555
         Elf:1 |       0 |   36107 |   0.0 |       0 |      55 |   0.0 |  1082
         Elf:2 |       0 |   35486 |   0.0 |       0 |      44 |   0.0 |  1374
         Elf:3 |       0 |   68275 |   0.0 |       0 |      71 |   0.0 |  1678
      Vaults:1 |       0 |   53530 |   0.0 |       0 |      90 |   0.0 |  1547
      Vaults:2 |       0 |   64783 |   0.0 |       0 |     117 |   0.0 |  1589
      Vaults:3 |       0 |   46172 |   0.0 |       0 |      75 |   0.0 |  1218
      Vaults:4 |       0 |  105702 |   0.0 |       0 |     153 |   0.0 |  2022
      Vaults:5 |       0 |  162773 |   0.0 |       0 |     134 |   0.0 |  1376
      Depths:1 |       0 |   84995 |   0.0 |       0 |      88 |   0.0 |  2156
      Depths:2 |       0 |   80602 |   0.0 |       0 |      61 |   0.0 |  1267
      Depths:3 |       0 |  113008 |   0.0 |       0 |      75 |   0.0 |  1434
      Depths:4 |       0 |   67906 |   0.0 |       0 |      35 |   0.0 |   995
      Depths:5 |       0 |   41917 |   0.0 |       0 |      34 |   0.0 |   903
         Zot:1 |       0 |   82945 |   0.0 |       0 |      51 |   0.0 |  1133
         Zot:2 |       0 |   46198 |   0.0 |       0 |      26 |   0.0 |   793
         Zot:3 |       0 |   64727 |   0.0 |       0 |      31 |   0.0 |  1096
         Zot:4 |       0 |   34805 |   0.0 |       0 |      19 |   0.0 |   522
         Zot:5 |       0 |   78953 |   0.0 |       0 |      32 |   0.0 |   729
       Abyss:4 |    8878 |   15360 |  36.6 |      20 |       9 |  69.0 |   273
         Zig:1 |       0 |    1387 |   0.0 |       0 |       2 |   0.0 |    27
         Zig:2 |       0 |    2706 |   0.0 |       0 |       3 |   0.0 |    49
         Zig:3 |       0 |    3669 |   0.0 |       0 |       3 |   0.0 |    46
         Zig:4 |       0 |    1852 |   0.0 |       0 |       5 |   0.0 |   102
         Zig:5 |       0 |    7523 |   0.0 |       0 |       6 |   0.0 |   149
         Zig:6 |       0 |   11818 |   0.0 |       0 |       5 |   0.0 |   174
         Zig:7 |       0 |    5457 |   0.0 |       0 |      11 |   0.0 |   101
         Zig:8 |       0 |   14428 |   0.0 |       0 |      15 |   0.0 |   110
         Zig:9 |       0 |   14662 |   0.0 |       0 |      17 |   0.0 |   182
        Zig:10 |       0 |   16659 |   0.0 |       0 |      18 |   0.0 |    98
        Zig:11 |       0 |   18404 |   0.0 |       0 |      30 |   0.0 |   128
        Zig:12 |       0 |   20819 |   0.0 |       0 |      33 |   0.0 |   164
        Zig:13 |       0 |   20278 |   0.0 |       0 |      34 |   0.0 |   162
        Zig:14 |       0 |   18532 |   0.0 |       0 |      34 |   0.0 |   272
           Lab |       0 |     445 |   0.0 |       0 |       2 |   0.0 |   467
         IceCv |       0 |   15775 |   0.0 |       0 |      57 |   0.0 |   569
               +---------+---------+-------+---------+---------+-------+---------
